 Dungeon Crawl Stone Soup version 0.30-b1-2-g02819fbbbe (webtiles) character file.

Game seed: 11992399166407715722

928 dorian the Martial Artist (level 8, 0/60 HPs)
             Began as an Octopode Transmuter on May 13, 2023.
             Was a Believer of Elyvilon.
             Slain by a wight
             ... wielding a +1 great sword
              (16 damage)
             ... on level 6 of the Dungeon.
             The game lasted 00:12:55 (5809 turns).

dorian the Martial Artist (Octopode Transmuter)     Turns: 5809, Time: 00:12:56

Health: 0/60       AC:  1    Str:  9    XL:     8   Next: 11%
Magic:  11/11      EV: 13    Int: 15    God:    Elyvilon [**....]
Gold:   295        SH:  0    Dex: 15    Spells: 4/11 levels left

rFire   . .          .
                       - Unarmed
rCold   . . .        (no shield)
rNeg    . . .        (helmet currently unavailable)
rPois   .            (no amulet)
rElec   .            g - ring of wizardry
rCorr   .            i - ring of willpower
SInv    .            (no ring)
Will    +....        (no ring)
Stlth   ++           (no ring)
HPRegen 0.30/turn    (no ring)
MPRegen 0.12/turn    (no ring)
                     (no ring)

%: wizardry (x1)
@: appendages, weakened
A: tentacle spike 3, almost no armour, amphibious, 8 rings, camouflage 1,
gelatinous body 1, (nimble swimmer 1), tentacles
a: End Transformation, Renounce Religion, Purification, Heal Other


You were on level 6 of the Dungeon.
You worshipped Elyvilon.
Elyvilon was pleased with you.
One of your tentacles had grown a beastly spike.
You visited 2 branches of the dungeon, and saw 7 of its levels.
You also visited: Sewer.

You collected 325 gold pieces.
You spent 30 gold pieces at shops.

Inventory:

Missiles
 o - 2 throwing nets
Jewellery
 g - a ring of wizardry (left tentacle)
 i - a ring of willpower (right tentacle)
Wands
 c - a wand of digging (1)
 m - a wand of quicksilver (11)
 p - a wand of paralysis (6)
Scrolls
 f - 5 scrolls of identify
 j - 2 scrolls of enchant armour
 n - 2 scrolls of blinking
 r - a scroll of immolation
Potions
 a - 2 potions of lignification
 b - 3 potions of haste
 d - 3 potions of heal wounds
 e - 6 potions of curing
 h - 2 potions of degeneration
 k - a potion of berserk rage
 l - 2 potions of brilliance


   Skills:
 + Level 7.0 Fighting
 - Level 2.0 Dodging
 * Level 10.3 Unarmed Combat
 - Level 2.0 Spellcasting
 + Level 7.2 Transmutations


You had 4 spell levels left.
You knew the following spells:

 Your Spells              Type           Power      Damage    Failure   Level
a - Beastly Appendage     Tmut           46%        N/A       1%          1
b - Wereblood             Tmut           23%        N/A       1%          2
c - Ice Form              Ice/Tmut       12%        N/A       21%         4

Your spell library contained the following spells:

 Spells                   Type           Power      Damage    Failure   Level
 Spider Form              Tmut/Pois      12%        N/A       6%          3
 Sublimation of Blood     Necr           1%         N/A       13%         2
 Petrify                  Tmut/Erth      12%        N/A       21%         4
 Frozen Ramparts          Ice            2%         1d1       26%         3
 Leda's Liquefaction      Hex/Erth       0%         N/A       61%         4
 Summon Ice Beast         Ice/Summ       1%         N/A       61%         4
 Irradiate                Conj/Tmut      6%         3d13      45%         5
 Lee's Rapid Deconstruct  Erth           0%         3d4*      91%         5
 Statue Form              Tmut/Erth      8%         N/A       95%         6


Dungeon Overview and Level Annotations

Branches:
Dungeon (6/15)             Temple (1/1) D:4           Sewer (visited)

Altars:
Ashenzari
Cheibriados
Dithmenos
Elyvilon
Fedhas
Gozag
Hepliaklqana
Kikubaaqudgha
Nemelex Xobeh
Ru
Trog
Wu Jian
Xom
Yredelemnul
Zin

Shops:
D:1 !*:[   D:2 *   D:5 [


Innate Abilities, Weirdness & Mutations

One of your tentacles has grown a beastly spike.
You cannot wear most types of armour.
You are amphibious.
You can wear up to eight rings at the same time.
Your skin changes colour to match your surroundings (Stealth+).
Your rubbery body absorbs attacks. (AC +1, EV +1)
((You are camouflaged when in or above water. (Stealth+)))
You have tentacles for arms and can constrict up to eight enemies at once.


Message History

* * * LOW HITPOINT WARNING * * *
The gnoll closely misses you.
The gnoll bouda barks out a call to the hunt!
The gnoll picks up the pace!
The gnoll attacks as you move away! The gnoll hits you with a +0 flail.
* * * LOW HITPOINT WARNING * * *
The gnoll barely misses you. The gnoll attacks as you move away!
The gnoll closely misses you.
The gnoll is no longer moving quickly.
The gnoll hits you from afar with a +0 spear.
* * * LOW HITPOINT WARNING * * *
The gnoll attacks as you move away! The gnoll hits you with a +0 flail.
* * * LOW HITPOINT WARNING * * *
You feel much better.
Your tentacle spike disappears.
The gnoll barely misses you.
The gnoll hits you from afar with a +0 spear.
Casting: Wereblood (safe; 1% risk of failure)
Confirm with . or Enter, or press ? or * to list all spells.
One of your tentacles grows a vicious spike.
The gnoll hits you with a +0 flail!
The gnoll hits you from afar with a +0 spear.
You tentacle-slap the gnoll but do no damage.
You grab the gnoll.
You pierce the gnoll.
The gnoll is lightly wounded.
You constrict the gnoll. You bludgeon the gnoll!
You kill the gnoll!
The gnoll hits you from afar with a +0 spear.
* * * LOW HITPOINT WARNING * * *
Unknown command.
A wight comes into view. It is wielding a +5 scimitar.
The wight moves out of view.
A wight comes into view. It is wielding a +0 halberd.
The wight attacks as you move away! The wight barely misses you.
The gnoll bouda gazes fiercely through you!
You feel your attacks grow feeble. The wight attacks as you move away!
The wight hits you with a +1 great sword!
You die...

............#.)####........##..#
..##........##...###.#.........#
.# #........##g......##........#
..##........#..g.....##..[.##.##
............##......###...#####
..##................###.....#
...........##...##....#[..###
..........####.....##....##
.###.....###...z@..#......#
..##......#...##.........##
.......#......##......##.#
<......#.......#......####
.......#...............#
..........zz.......#..###
.......##.........(.....##
#..#.....................#
...#.............##..#..##


You could see a gnoll bouda, a wight and a gnoll (swift).

Vanquished Creatures
  A black bear (D:4)
  Pargi (Sewer)
  A scorpion (D:5)
  3 hounds
  4 jellies
  2 iguanas (D:5)
  An orc wizard (D:2)
  Robin (D:4)
  5 adders
  9 gnolls
  A shadow imp (D:6)
  An ufetubus (D:4)
  A worm (D:6)
  2 dart slugs
  8 orcs
  12 ball pythons
  5 bats
  8 endoplasms
  7 giant cockroaches
  14 goblins
  7 hobgoblins
  9 jackals
  4 frilled lizards
  6 kobolds
  5 rats
118 creatures vanquished.

Notes
Turn   | Place    | Note
-------+----------+-------------------------------------------
     0 | D:1      | dorian the Octopode Transmuter began the quest for the Orb.
     0 | D:1      | Reached XP level 1. HP: 13/13 MP: 3/3
    58 | D:1      | Found Efann's Book Emporium.
    79 | D:1      | Reached XP level 2. HP: 8/18 MP: 5/5
   208 | D:1      | Found Teolai's Antique Armour Shop.
   297 | D:1      | Reached XP level 3. HP: 23/23 MP: 4/6
   385 | D:1      | Found Viotwamn's Assorted Antiques.
   413 | D:1      | Found Karphudd's Distillery.
   458 | D:1      | Bought a potion of curing for 30 gold pieces
   482 | D:1      | Learned a level 2 spell: Wereblood
  1008 | D:2      | Reached XP level 4. HP: 29/29 MP: 5/7
  1071 | D:2      | Reached skill level 4 in Unarmed Combat
  1183 | D:2      | Found Lyohasir's Assorted Antiques.
  1791 | D:3      | Reached XP level 5. HP: 35/35 MP: 8/8
  3084 | D:4      | Found a blossoming altar of Fedhas.
  3214 | D:4      | Reached skill level 9 in Unarmed Combat
  3214 | D:4      | Reached XP level 6. HP: 47/47 MP: 9/9
  3652 | D:4      | Noticed Robin
  3733 | D:4      | Killed Robin
  3766 | D:4      | Found a staircase to the Ecumenical Temple.
  3772 | D:4      | Learned a level 4 spell: Ice Form
  3778 | Temple   | Entered the Ecumenical Temple
  4124 | Temple   | Became a worshipper of Elyvilon the Healer
  4277 | D:4      | Noticed a black bear
  4280 | D:4      | Killed a black bear
  4281 | D:4      | Reached XP level 7. HP: 53/53 MP: 8/10
  4405 | D:4      | Found a hazy altar of Hepliaklqana.
  4592 | D:5      | Entered Level 5 of the Dungeon
  4662 | D:5      | Reached skill level 10 in Unarmed Combat
  4879 | D:5      | Found Buicaorrea's Armour Shoppe.
  4977 | D:5      | Reached * piety under Elyvilon
  5024 | D:5      | Found a broken altar of Ashenzari.
  5303 | D:6      | Reached ** piety under Elyvilon
  5483 | D:6      | Found a glowing drain.
  5519 | Sewer    | Entered a sewer
  5562 | Sewer    | Noticed Pargi
  5575 | Sewer    | Killed Pargi
  5576 | Sewer    | Reached XP level 8. HP: 47/60 MP: 11/11
  5809 | D:6      | Slain by a wight

Illustrated notes

Levels and vault maps discovered:
D:1:      reono_arrival_mine, layout_basic, serial_shops,
          nicolae_shop_advertising_works [nicolae_subvault_shop_adworks], shop,
          shop, nicolae_shop_crystal, st_stairs_11
D:2:      layout_basic, serial_shops, nicolae_shop_waterfront,
          chequers_serial_rivers_micro_e
D:3:      layout_basic, hangedman_decor_growths
D:4:      layout_basic, kennysheep_little_box, nicolae_hepliaklqana_hippocampus,
          minmay_temple_entry_nine_rooms, uniq_robin
D:5:      layout_gridville, evilmike_ruin_ashenzari, serial_shops, shop
D:6:      layout_cave_pools, chequers_ossuary_entry_cave,
          cheibrodos_sewer_entry_drain, small_statue_alley_b, minmay_holes
Temple:   minmay_temple_forest_path

Skill      XL: |  1  2  3  4  5  6  7 |
---------------+----------------------+-----
Fighting       | 2 6 7 |  7.0
Unarmed Combat | 4 9 10 | 10.3
Transmutations | 6 7 |  7.2
Dodging        | |  2.0
Spellcasting   | |  2.0

Action                     |  1- 3 |  4- 6 |  7- 9 || total
---------------------------+-------+-------+-------++-------
  Melee: Unarmed           |    65 |    92 |    76 ||   233
         Kick              |    24 |    30 |    30 ||    84
         Tentacles         |     9 |    16 |    17 ||    42
         Constrict         |    17 |    30 |    19 ||    66
         Punch             |       |     5 |     4 ||     9
   Cast: Beastly Appendage |    29 |    38 |    22 ||    89
         Wereblood         |       |       |     3 ||     3
  Evoke: Wand              |       |     2 |       ||     2
    Use: Scroll            |     3 |     9 |     3 ||    15
         Potion            |       |     1 |     1 ||     2
   Stab: Sleeping          |     5 |     4 |     2 ||    11
 Armour: Skin              |     3 |     1 |     2 ||     6
  Dodge: Dodged            |    31 |    36 |    51 ||   118
